AoeStats
← DG

Arena

506666902Analyzed
4v4 RM · 17d ago on Sep 14, 2026· 76m 58s· 8 players
Game mode
Random Map
Map size
Large (8 player)
Population
200
Speed
Normal
Resources
Standard
Victory
Conquest
Starting age
Dark Age
Ending age
Imperial Age
RankedLock teamsTeams togetherTeam positionsShared explorationLock speedFull tech treeHidden civsTurbo modeCheats
Victory
Defeat
🇵🇪 Turks · Peru
619
+15
🇵🇪 Burgundians · Peru
534
+19
🇪🇸 Romans · Spain
501
+20
🇿🇦 Turks · South Africa
490
+20
🇹🇷 Byzantines · Türkiye
683
-22
🇮🇹 Teutons · Italy
674
-21
🇧🇷 Vikings · Brazil
630
-20
🇦🇷 Lithuanians · Argentina
393
-11
lafh00
2:34 Wheelbarrow
3:04 Loom
3:44 Loom
4:16 Loom
15:04 Feudal Age
13:54 Gold Mining
15:18 Double-Bit Axe
15:27 Stone Mining
15:24 Horse Collar
16:12 Bow Saw
16:38 Heavy Plow
18:07 Hand Cart
26:52 Castle Age
25:48 Stone Shaft Mining
25:50 Gold Shaft Mining
29:03 Two-Man Saw
30:08 Fortified Wall
30:05 Murder Holes
30:00 Treadmill Crane
30:21 Murder Holes
31:08 Crossbowman
35:07 Fletching
35:17 Padded Archer Armor
40:15 Elite Skirmisher
41:00 Bodkin Arrow
41:16 Forging
41:07 Scale Mail Armor
41:15 Scale Barding Armor
41:58 Pikeman
44:52 Ballistics
48:40 Burgundian Vineyards
48:30 Town Watch
49:31 Caravan
52:13 Imperial Age
49:47 Town Patrol
51:28 Iron Casting
51:09 Chain Mail Armor
51:15 Chain Barding Armor
51:11 Leather Archer Armor
53:09 Bracer
53:01 Capped Ram
54:47 Onager
56:47 Man-at-Arms
57:57 Conscription
58:57 Blast Furnace
58:28 Plate Mail Armor
58:33 Plate Barding Armor
58:56 Long Swordsman
59:37 Squires
60:36 Masonry
61:34 Chemistry
61:53 Halberdier
64:15 Arson
70:37 Flemish Revolution
70:38 Elite Coustillier
76:24 Crop Rotation
mikomar45
0:34 Loom
14:02 Feudal Age
14:32 Double-Bit Axe
14:29 Horse Collar
16:07 Arson
17:07 Man-at-Arms
20:56 Wheelbarrow
20:37 Forging
21:03 Scale Mail Armor
23:16 Scale Barding Armor
23:22 Fletching
24:38 Stone Mining
25:06 Padded Archer Armor
26:02 Gold Mining
30:59 Castle Age
32:17 Iron Casting
31:07 Long Swordsman
31:09 Crossbowman
32:35 Squires
33:03 Leather Archer Armor
33:31 Caravan
33:49 Bow Saw
35:03 Thumb Ring
35:56 Gold Shaft Mining
35:39 Bodkin Arrow
36:20 Husbandry
38:07 Chain Barding Armor
38:43 Sanctity
39:15 Treadmill Crane
39:30 Murder Holes
39:56 Ballistics
40:14 Chain Mail Armor
41:18 Heavy Plow
43:08 Hand Cart
45:19 Guard Tower
47:01 Masonry
47:02 Fortified Wall
48:07 Heated Shot
52:42 Imperial Age
51:17 Sipahi
52:31 Bloodlines
53:15 Coinage
53:27 Devotion
54:32 Two-Man Saw
53:38 Artillery
53:54 Cavalier
55:29 Architecture
56:31 Blast Furnace
55:30 Capped Ram
55:46 Two-Handed Swordsman
58:49 Bombard Tower
58:15 Arrowslits
60:57 Hoardings
61:19 Guilds
61:49 Town Watch
62:59 Champion
63:15 Sappers
64:31 Siege Ram
67:35 Bracer
68:05 Ring Archer Armor
69:16 Faith
68:58 Elite Janissary
72:47 Conscription
sheldongriffinjohnson
11:51 Feudal Age
15:45 Wheelbarrow
16:41 Gold Mining
19:47 Horse Collar
22:43 Castle Age
21:52 Double-Bit Axe
26:50 Bow Saw
26:56 Caravan
27:16 Hand Cart
27:48 Man-at-Arms
31:43 Long Swordsman
33:39 Heavy Plow
34:24 Gold Shaft Mining
38:26 Imperial Age
37:44 Fortified Wall
38:32 Two-Handed Swordsman
38:47 Elite Janissary
39:52 Murder Holes
43:12 Heavy Camel Rider
44:44 Champion
48:54 Capped Ram
50:18 Siege Ram
66:40 Forging
66:31 Scale Mail Armor
John Lemon
5:48 Loom
11:07 Feudal Age
13:03 Wheelbarrow
13:25 Double-Bit Axe
14:15 Town Watch
20:02 Castle Age
18:49 Man-at-Arms
21:05 Horse Collar
22:08 Padded Archer Armor
22:11 Scale Mail Armor
23:41 Pikeman
24:21 Squires
26:23 Forging
26:05 Fletching
26:42 Long Swordsman
29:14 Fervor
29:25 Heavy Plow
29:37 Bow Saw
30:59 Hand Cart
34:31 Bodkin Arrow
36:43 Town Patrol
42:43 Imperial Age
41:31 Leather Archer Armor
41:33 Chain Mail Armor
45:23 Ballistas
45:23 Heavy Scorpion
46:51 Conscription
46:34 Guard Tower
48:02 Iron Casting
48:10 Ring Archer Armor
49:06 Murder Holes
52:16 Blast Furnace
51:54 Keep
54:31 Chemistry
53:53 Ballistics
54:39 Halberdier
55:34 Legionary
56:57 Caravan
60:21 Redemption
60:11 Atonement
61:55 Comitatenses
62:23 Scale Barding Armor
62:51 Crop Rotation
64:12 Elite Centurion
66:17 Chemistry
67:33 Capped Ram
68:57 Chain Barding Armor
75:29 Coinage
75:14 Guilds
DG
10:15 Loom
13:38 Feudal Age
15:04 Wheelbarrow
14:17 Double-Bit Axe
14:14 Horse Collar
21:54 Castle Age
23:30 Bow Saw
23:48 Gold Mining
23:49 Stone Mining
24:29 Heavy Plow
25:07 Hand Cart
25:10 Caravan
26:45 Coinage
29:47 Gold Shaft Mining
29:47 Stone Shaft Mining
34:16 Husbandry
34:29 Forging
34:24 Scale Barding Armor
37:43 Imperial Age
36:08 Iron Casting
35:34 Scale Mail Armor
38:49 Chain Barding Armor
38:44 Chain Mail Armor
38:27 Fletching
38:37 Padded Archer Armor
39:13 Banking
38:53 Guilds
39:17 Pikeman
39:21 Man-at-Arms
39:47 Gambesons
40:02 Squires
39:47 Arson
41:49 Plate Barding Armor
41:45 Plate Mail Armor
41:12 Bodkin Arrow
40:43 Elite Cataphract
41:47 Conscription
43:29 Logistica
43:44 Halberdier
48:23 Crop Rotation
48:55 Two-Man Saw
48:10 Onager
49:11 Long Swordsman
71:25 Light Cavalry
72:06 Hussar
GuiGuimaraes
0:29 Loom
13:08 Feudal Age
20:15 Castle Age
18:44 Double-Bit Axe
18:44 Horse Collar
18:57 Gold Mining
27:36 Fletching
27:09 Crossbowman
31:04 Imperial Age
29:30 Bow Saw
29:32 Treadmill Crane
29:52 Murder Holes
30:19 Ballistics
30:48 Gold Shaft Mining
30:43 Heavy Plow
31:48 Masonry
31:32 Capped Ram
33:16 Conscription
33:14 Bodkin Arrow
34:21 Hoardings
34:26 Padded Archer Armor
34:37 Stone Mining
35:32 Forging
37:22 Bogsveigar
37:41 Leather Archer Armor
38:02 Town Watch
39:42 Chemistry
39:14 Bracer
41:00 Arbalester
41:04 Elite Skirmisher
42:18 Ring Archer Armor
41:50 Scale Mail Armor
42:26 Iron Casting
Maglors
0:43 Loom
10:15 Feudal Age
10:53 Double-Bit Axe
11:55 Wheelbarrow
16:04 Town Watch
19:04 Castle Age
16:56 Stone Mining
17:46 Gold Mining
18:47 Man-at-Arms
20:43 Forging
20:31 Fletching
26:53 Bow Saw
28:41 Hand Cart
33:13 Imperial Age
30:47 Scale Mail Armor
30:22 Long Swordsman
32:33 Iron Casting
33:10 Squires
32:56 Gambesons
34:28 Chain Mail Armor
35:51 Bloodlines
35:50 Scale Barding Armor
36:31 Ballistics
36:21 Fortified Wall
36:03 Arrowslits
36:45 Pikeman
37:47 Two-Handed Swordsman
38:25 Bodkin Arrow
40:24 Two-Man Saw
40:13 Crenellations
43:10 Plate Mail Armor
43:50 Masonry
45:25 Blast Furnace
46:27 Chain Barding Armor
46:09 Horse Collar
48:25 Conscription
47:58 Cavalier
48:42 Padded Archer Armor
48:33 Arson
52:03 Plate Barding Armor
51:32 Champion
54:08 Ironclad
57:00 Halberdier
58:17 Heavy Plow
60:47 Paladin
65:08 Elite Teutonic Knight
ROLO9282
10:14 Feudal Age
10:40 Horse Collar
11:38 Wheelbarrow
17:45 Stone Mining
19:42 Gold Mining
23:21 Castle Age
22:51 Double-Bit Axe
23:38 Scale Mail Armor
23:59 Forging
24:25 Hand Cart
25:08 Stone Shaft Mining
26:32 Bow Saw
26:28 Heavy Plow
30:08 Pikeman
30:49 Squires
30:35 Arson
34:08 Imperial Age
34:49 Halberdier
37:25 Iron Casting
37:06 Chain Mail Armor
37:32 Elite Leitis
41:00 Two-Man Saw
50:29 Scale Barding Armor
51:36 Chain Barding Armor
54:26 Plate Barding Armor
74:44 Onager
Connection lost

Rejoining the realm…

Still unreachable

The connection could not be restored.

Session expired

The server has moved on; the page needs a fresh start.